Semilg, lawful male giant Samurai ------ --....-- --[....^-- |..<.....-- -- --.|......| . |--.....-| .- |........---.| -.---.....|..| ----..@M.| --..q.| -...-- ...-- |..-- ---- Semilg the Ninja Experience level: 6 Strength: 18/01 Dexterity: 14 Constitution: 20 Intelligence: 9 Wisdom: 10 Charisma: 8 Health: 0(67) Energy: 18(18) Def: 11 Gold: 124 Moves: 2201 Dungeon seed: 749qBvTB6A597INu Game ID: Semilg_1564739604 Your Inventory: Coins $ - 124 gold pieces Amulets w - a cursed amulet of restful sleep (being worn) Weapons a - a blessed +2 katana (alternate weapon; not wielded) b - an uncursed corroded +2 wakizashi c - a blessed +1 yumi d - 41 uncursed +0 ya (in quiver) B - a blessed +2 dwarvish spear E - an uncursed +0 axe F - an uncursed +0 dwarvish short sword M - 5 uncursed +0 daggers N - an uncursed +0 crossbow O - 12 uncursed +0 crossbow bolts P - 12 uncursed +0 arrows R - 4 uncursed +0 darts U - 5 blessed +1 daggers V - a blessed +3 battle-axe named Axe of Yendor (weapon in hand) W - an uncursed +0 halberd Armor e - an uncursed +0 mummy wrapping C - an uncursed +0 dwarvish roundshield (being worn) I - an uncursed +0 dwarvish roundshield Comestibles i - an uncursed partly eaten gunyoki Q - an uncursed gunyoki Scrolls j - an uncursed scroll of blank paper p - an uncursed scroll of fire Spellbooks o - an uncursed spellbook of magic missile Potions k - a cursed potion of see invisible l - an uncursed potion of restore ability s - an uncursed potion of acid z - an uncursed potion of paralysis Z - an uncursed potion of water Rings S - an uncursed ring of teleport control (on left hand) Wands f - an uncursed wand of probing (0:3) Tools g - an uncursed blindfold h - an uncursed saddle m - a blessed oil lamp (0:1051) x - an uncursed magic whistle L - a blessed partly used tallow candle (0:81) Gems n - 2 uncursed worthless pieces of green glass q - 28 uncursed rocks r - 3 uncursed worthless pieces of yellowish brown glass y - 2 uncursed worthless pieces of blue glass Spells and supernatural/magical abilities: Name Level Category Fail Memory W - pray for help -- divine ? -- Your skills at the end: Miscellaneous Skills martial arts [Basic] wands [Basic] Weapon Skills short sword [Basic] long sword [Basic] bow [Basic] sling [Basic] Spellcasting Skills Final Attributes: You were stridently aligned. You fell asleep. You had infravision. You had teleport control. You were fast. You are dead. Vanquished creatures: a dog 5 gnome lords 2 gnomish wizards a kobold mummy a floating eye a kitten 5 dwarves an iguana 2 orc zombies a gas spore an acid blob a gecko 2 giant rats a green mold 23 gnomes 2 jackals 5 newts a goblin a grid bug 3 lichens a kobold zombie 61 creatures vanquished. Genocided species: gnomes 1 species genocided. Voluntary challenges: You did not cause conflict. You were not invisible. You did not have reflection. You were not displaced. You used a wielded weapon 64 times, starting on turn 81. You did not apply a unicorn horn. You did not use plumbed fixtures. You did not drink any magical draughts. You read items or engraved 8 times, starting on turn 871. You genocided 1 type of monster, starting on turn 2022. You never polymorphed an object. You never changed form. You used no wishes. You never split a pudding. You never wrote Elbereth's name. You violated bushido, losing 3 points of alignment, starting on turn 1126. Dungeon overview: The Dungeons of Doom: levels 1 to 3 Level 1 a long staircase Level 2 a fountain stairs to The Gnomish Mines Level 3 The Gnomish Mines: levels 3 to 6 Level 3 stairs to The Dungeons of Doom Level 4 Level 5 a delicatessen, a temple to Amaterasu Omikami, a magic chest, a fountain, some trees Level 6 <- You were here History has recorded: On T:1 you entered the Dungeons of Doom to retrieve the Amulet of Yendor! On T:401 you reached level 2 of The Dungeons of Doom. On T:815 you reached level 3 of The Dungeons of Doom. On T:855 you reached level 1 of The Gnomish Mines. On T:880 you advanced to experience level 2. On T:885 you advanced to experience level 3. On T:896 you advanced to experience level 4. On T:985 you reached level 2 of The Gnomish Mines. On T:1189 you prayed to Amaterasu Omikami. On T:1201 you advanced to experience level 5. On T:1735 you reached level 3 of The Gnomish Mines. On T:1803 you advanced to experience level 6. On T:1978 you entered the Minetown temple On T:2002 you opened a magic chest. On T:2131 you reached level 4 of The Gnomish Mines. Score breakdown: Gold: 124 ( 12 points) Experience: 6 levels ( 500 points) Exploration: 6 levels ( 150 points) Discoveries: 23 items ( 1150 points) Variety of kills: 21 monsters ( 1050 points) Major goal: reached Minetown ( 500 points) Survival: died (score multiplied by 3) Total score: 10086 Latest messages: You feel more confident in your fighting skills. The rothe misses. You miss the rothe. The kobold mummy misses. The rothe claws you! The rothe misses. The rothe bites! The kobold mummy misses. You miss the rothe. The rothe claws you! The rothe bites! The rothe misses. (2x) The rothe bites! (2x) The kobold mummy scratches you! The rothe claws you! The rothe bites! The rothe misses. You don't have enough stamina to move. The rothe claws you! The rothe bites! (2x) You die... Final status: Sayonara Semilg the Samurai, killed by a rothe... You died in The Gnomish Mines on dungeon level 6 with 10086 points, and 124 pieces of gold, after 2201 moves. You were level 6 with a maximum of 67 hit points when you died.